[Event "Qatar Masters-B 2024"]
[Site "Doha"]
[Date "2024.12.07"]
[Round "5.1"]
[White "Mahmood Lodhi"]
[Black "Akhmediyar, Yernur"]
[Result "1-0"]
[ECO "A14"]
[WhiteElo "2150"]
[BlackElo "1898"]
[Annotator "ChessBase"]
[PlyCount "163"]
[EventDate "2024.11.24"]
[EventType "swiss"]
[EventCountry "QAT"]
[SourceTitle "playchess.com"]
[Source "ChessBase"]
[SourceQuality "1"]
[TimeControl "40/5400+30:1800+30"]

1. d4 Nf6 2. Nf3 e6 3. g3 b6 4. Bg2 Bb7 5. O-O c5 6. e3 d5 7. b3 Be7 8. Bb2 O-O 9. Nbd2 Nc6 10. c4 cxd4 11. Nxd4 Nxd4 12. exd4 Rc8 13. Rc1 Rc7 14. Qe2 dxc4 15. bxc4 Bxg2 16. Kxg2 Qa8+ 17. f3 Qb7 18. Rc2 Rfc8 19. Rfc1 Nd5 20. a3 Bg5 21. h4 Bxd2 22. Qxd2 Qc6 23. Kf2 b5 24. c5 Nb6 25. Qg5 f6 26. Qg4 Nc4 27. Re2 Re8 28. Rce1 Qd5 29. Bc3 Kf7 30. Qf4 Rc6 31. g4 h6 32. g5 hxg5 33. hxg5 Qxg5 34. Qxg5 fxg5 35. d5 Rxc5 36. dxe6+ Kg6 37. Rd1 Rc6 38. Rd7 Nb6 39. Rxg7+ Kh6 40. Bd4 Rcxe6 41. Rxe6+ Rxe6 42. Rxa7 Nc4 43. Kg3 Rd6 44. Bc5 Rd3 45. Kg4 Ne3+ 46. Bxe3 Rxe3 47. Ra6+ Kg7 48. Ra5 Rb3 49. a4 bxa4 50. Rxg5+ Kf6 51. Ra5 Rb4+ 52. f4 Rc4 53. Ra6+ Kf7 54. Kg5 Rb4 55. Ra7+ Kg8 56. f5 Rc4 57. Kg6 Rg4+ 58. Kf6 Rf4 59. Ra8+ Kh7 60. Ke6 Kg7 61. Ra7+ Kg8 62. Kf6 Rb4 63. Ra6 a3 64. Ra8+ Kh7 65. Rxa3 Rb6+ 66. Kg5 Rc6 67. Ra7+ Kg8 68. Re7 Kf8 69. Rh7 Kg8 70. Rh1 Rb6 71. Rd1 Ra6 72. Rb1 Rc6 73. Rb7 Ra6 74. Re7 Kf8 75. Re4 Ra5 76. Kf6 Ra6+ 77. Re6 Ra8 78. Rb6 Kg8 79. Kg6 Kf8 80. f6 Kg8 81. Rb7 Kh8 82. Rh7+ 1-0

[Event "Qatar Masters-B 2024"]
[Site "Doha"]
[Date "2024.12.07"]
[Round "5.2"]
[White "Maraimov, Khudoyor"]
[Black "Syed Abdul Khader"]
[Result "0-1"]
[ECO "C78"]
[WhiteElo "1832"]
[BlackElo "1943"]
[Annotator "NA"]
[PlyCount "122"]
[EventDate "2024.11.24"]
[EventType "swiss"]
[EventCountry "QAT"]
[SourceTitle "playchess.com"]
[Source "ChessBase"]
[SourceQuality "1"]
[TimeControl "40/5400+30:1800+30"]

1. e4 e5 2. Nf3 Nc6 3. Bb5 a6 4. Ba4 Nf6 5. d3 b5 6. Bb3 Bc5 7. O-O d6 8. c3 h6 9. d4 Bb6 10. dxe5 Nxe5 11. Nxe5 dxe5 12. Qxd8+ Kxd8 13. Nd2 Ke7 14. Nf3 Be6 15. Nxe5 Bxb3 16. axb3 Nxe4 17. Nc6+ Kf6 18. Nb4 Rhd8 19. Be3 Nd2 20. Rfe1 Bxe3 21. fxe3 Nxb3 22. Rxa6+ Rxa6 23. Nxa6 c6 24. Re2 Ke5 25. Rc2 Ra8 26. Nb4 c5 27. Nd3+ Ke4 28. Nf2+ Kxe3 29. Nd1+ Kd3 30. Rf2 Nd2 31. Rxf7 Ra1 32. Kf2 Rxd1 33. Rd7+ Kc2 34. Ke2 Kc1 35. Rd5 Rg1 36. Kf2 Rh1 37. b4 Ne4+ 38. Ke3 Nxc3 39. Rxc5 Kb2 40. Kd3 Rd1+ 41. Ke3 Kb3 42. h4 Kxb4 43. Rc8 Rd7 44. g4 Kb3 45. g5 hxg5 46. hxg5 b4 47. Rf8 Kc2 48. Kf4 b3 49. g6 b2 50. Rb8 b1=Q 51. Rxb1 Kxb1 52. Kf5 Re7 53. Kf4 Re6 54. Kf5 Rf6+ 55. Kg5 Nd5 56. Kh5 Nf4+ 57. Kg5 Nxg6 58. Kg4 Kc2 59. Kg3 Ne5 60. Kg2 Rg6+ 61. Kh1 Kd3 0-1

[Event "Qatar Masters-B 2024"]
[Site "Doha"]
[Date "2024.12.07"]
[Round "5.3"]
[White "Shermuhammadov, Samandar"]
[Black "Zozek Salah Mohammed"]
[Result "1-0"]
[ECO "D15"]
[WhiteElo "2108"]
[BlackElo "2206"]
[Annotator "RC"]
[PlyCount "62"]
[EventDate "2024.11.24"]
[EventType "swiss"]
[EventCountry "QAT"]
[SourceTitle "playchess.com"]
[Source "ChessBase"]
[SourceQuality "1"]
[TimeControl "40/5400+30:1800+30"]

1. c4 c6 2. Nc3 d5 3. cxd5 cxd5 4. d4 Nf6 5. Nf3 Nc6 6. e3 a6 7. Bd3 Bg4 8. h3 Bh5 9. Bd2 e6 10. Rc1 Bd6 11. Be2 O-O 12. O-O Rc8 13. Ne1 Bxe2 14. Qxe2 Na5 15. Nxd5 Rxc1 16. Nxf6+ Qxf6 17. Bxc1 e5 18. dxe5 Qxe5 19. Nf3 Qe6 20. b3 Rc8 21. Bd2 Nc6 22. Rc1 Rd8 23. Bc3 Bb8 24. Rd1 Rxd1+ 25. Qxd1 h6 26. Qd3 Bc7 27. Kf1 a5 28. Nd4 Qd6 29. Qd2 Qg6 30. Nxc6 bxc6 31. Bxa5 Bxa5 1-0

[Event "Qatar Masters-B 2024"]
[Site "Doha"]
[Date "2024.12.07"]
[Round "5.4"]
[White "Adeimi, Michel"]
[Black "Boulrens, Ala Eddine"]
[Result "0-1"]
[ECO "B06"]
[WhiteElo "2004"]
[BlackElo "2144"]
[Annotator "NA"]
[PlyCount "100"]
[EventDate "2024.11.24"]
[EventType "swiss"]
[EventCountry "QAT"]
[SourceTitle "playchess.com"]
[Source "ChessBase"]
[SourceQuality "1"]
[TimeControl "40/5400+30:1800+30"]

1. e4 g6 2. d4 Bg7 3. Nc3 c6 4. h4 h5 5. Nf3 d5 6. e5 Bg4 7. Be2 Nh6 8. Ng5 Bxe2 9. Qxe2 e6 10. Be3 Nf5 11. g4 hxg4 12. Qxg4 Qe7 13. O-O-O Bh6 14. Kb1 Nd7 15. Bc1 O-O-O 16. h5 Rdg8 17. Rdg1 Bxg5 18. Bxg5 gxh5 19. Bxe7 hxg4 20. Bd6 Nxd6 21. exd6 Nf6 22. Kc1 Kd7 23. Kd2 Kxd6 24. Nd1 Ne4+ 25. Ke2 f5 26. Ne3 Ng5 27. Rd1 b6 28. Ng2 c5 29. dxc5+ bxc5 30. Nf4 Nh3 31. Nd3 c4 32. Nc1 Nf4+ 33. Ke3 e5 34. c3 Rh3+ 35. Rxh3 gxh3 36. Rh1 a5 37. Kf3 a4 38. b4 cxb3 39. axb3 axb3 40. Ke3 b2 41. Nb3 Rg2 42. Nd2 h2 43. Kf3 Rg1 44. Rxh2 Rd1 45. Rh6+ Ne6 46. Ke3 f4+ 47. Kf3 Rxd2 48. Rh1 Ng5+ 49. Kg2 Ne4 50. Re1 Nxc3 0-1

[Event "Qatar Masters-B 2024"]
[Site "Doha"]
[Date "2024.12.07"]
[Round "5.6"]
[White "Hong, Mingren"]
[Black "Khalifa Essa, Albalooshi"]
[Result "1-0"]
[ECO "B41"]
[WhiteElo "1951"]
[BlackElo "2050"]
[Annotator "NA"]
[PlyCount "73"]
[EventDate "2024.11.24"]
[EventType "swiss"]
[EventCountry "QAT"]
[SourceTitle "playchess.com"]
[Source "ChessBase"]
[SourceQuality "1"]
[TimeControl "40/5400+30:1800+30"]

1. e4 c5 2. Nf3 e6 3. d4 cxd4 4. Nxd4 a6 5. h3 b5 6. a4 b4 7. Bd3 Bb7 8. Be3 Nf6 9. Nd2 Qc7 10. N4f3 d6 11. O-O Nbd7 12. Qe2 Be7 13. c3 bxc3 14. Rac1 Qa5 15. Rxc3 O-O 16. Ra1 Rfc8 17. Rb3 Qc7 18. a5 d5 19. Bf4 Qxf4 20. Rxb7 dxe4 21. Nxe4 Rc1+ 22. Rxc1 Qxc1+ 23. Qe1 Qc8 24. Nxf6+ Bxf6 25. Qe4 Nf8 26. b4 Qc1+ 27. Bf1 Rd8 28. Qc4 Rc8 29. Qxa6 e5 30. Qd3 Ne6 31. g3 Qb2 32. a6 Rf8 33. a7 Nc5 34. Rb8 Nxd3 35. Rxf8+ Kxf8 36. a8=Q+ Ke7 37. Qb7+ 1-0

[Event "Qatar Masters-B 2024"]
[Site "Doha"]
[Date "2024.12.07"]
[Round "5.7"]
[White "Araoune, Saadi"]
[Black "Sumith K S"]
[Result "1-0"]
[ECO "A44"]
[WhiteElo "2085"]
[BlackElo "1825"]
[Annotator "NA"]
[PlyCount "105"]
[EventDate "2024.11.24"]
[EventType "swiss"]
[EventCountry "QAT"]
[SourceTitle "playchess.com"]
[Source "ChessBase"]
[SourceQuality "1"]
[TimeControl "40/5400+30:1800+30"]

1. d4 c5 2. d5 e5 3. c4 d6 4. e4 Be7 5. Nf3 Bg4 6. Nbd2 Bg5 7. Qa4+ Kf8 8. Nxg5 Qxg5 9. Qb3 Qe7 10. h3 Bh5 11. g3 Nf6 12. Bg2 h6 13. f4 exf4 14. gxf4 Nxe4 15. Nxe4 f5 16. O-O fxe4 17. Re1 Bg6 18. f5 Bxf5 19. Qg3 Na6 20. Rf1 Qf6 21. Bxe4 Qd4+ 22. Qe3 g6 23. Bxf5 gxf5 24. Rxf5+ Kg7 25. Qxd4+ cxd4 26. b3 Kg6 27. Rf4 d3 28. Ba3 Rae8 29. Rf3 d2 30. Kf2 Re4 31. Rd1 Nc5 32. Bxc5 dxc5 33. Rxd2 Rhe8 34. d6 Rd8 35. d7 Re7 36. Rfd3 Kf7 37. Kf3 Re6 38. Rd5 b6 39. Kf4 Ke7 40. Re5 Rxd7 41. Rxe6+ Kxe6 42. Rxd7 Kxd7 43. Kf5 Ke7 44. Kg6 Ke6 45. Kxh6 Kf6 46. Kh5 Kf5 47. h4 a6 48. a4 a5 49. Kh6 Kf6 50. h5 Kf7 51. Kg5 Kg7 52. Kf5 Kh6 53. Ke6 1-0

[Event "Qatar Masters-B 2024"]
[Site "Doha"]
[Date "2024.12.07"]
[Round "5.8"]
[White "Achour, Mohamed Anis"]
[Black "Balanandan Ayyappan"]
[Result "1/2-1/2"]
[ECO "E18"]
[WhiteElo "2051"]
[BlackElo "1779"]
[Annotator "NA"]
[PlyCount "106"]
[EventDate "2024.11.24"]
[EventType "swiss"]
[EventCountry "QAT"]
[SourceTitle "playchess.com"]
[Source "ChessBase"]
[SourceQuality "1"]
[TimeControl "40/5400+30:1800+30"]

1. d4 Nf6 2. c4 e6 3. g3 Be7 4. Bg2 O-O 5. Nf3 b6 6. Ne5 d5 7. Nc3 Bb7 8. O-O Nbd7 9. Bf4 c5 10. Nxd7 Qxd7 11. dxc5 bxc5 12. Qb3 Bc6 13. cxd5 exd5 14. e3 d4 15. Bxc6 Qxc6 16. exd4 cxd4 17. Nb5 Qd7 18. Rad1 Rab8 19. Bxb8 Rxb8 20. Rfe1 Bf8 21. Rxd4 Qxb5 22. Qxb5 Rxb5 23. Rd8 g6 24. Rc1 Kg7 25. b3 Bc5 26. Kg2 Bb6 27. Rd2 Rf5 28. Rcc2 h5 29. h3 h4 30. g4 Rf4 31. Rc4 Rxc4 32. bxc4 Ne4 33. Re2 Nc5 34. f4 Ne6 35. Re4 Kf6 36. c5 Nxc5 37. Rc4 Ne6 38. Kf3 Bc7 39. Ra4 Bxf4 40. Rxa7 Bg3 41. a4 Ng5+ 42. Kg2 Ne6 43. a5 Nf4+ 44. Kf1 Nxh3 45. a6 Bf2 46. Rb7 Bd4 47. Rb4 Bc5 48. Rb5 Ba7 49. Rb7 Bd4 50. Rd7 Bc5 51. Rc7 Bd4 52. Rc4 Ba7 53. Rc7 Bd4 1/2-1/2